 Dungeon Sprint DCSS version 0.17-a0-2055-gb4e23be (webtiles) character file.

11683 Kidiri the Unseen (level 11, -11/47 HPs)
             Began as a Spriggan Enchanter on Oct 11, 2015.
             Was the Champion of Dithmenos.
             Engulfed by a cloud of freezing vapour (17 damage)
             ... in the Dungeon (Sprint I: "Red Sonja").
             The game lasted 00:12:53 (2807 turns).

Kidiri the Unseen (Spriggan Enchanter)              Turns: 2807, Time: 00:12:53

Health: -11/47     AC:  7    Str:  4    XL:     11   Next: 52%
Magic:  39/39      EV: 33    Int: 23    God:    Dithmenos [******]
Gold:   1774       SH:  0    Dex: 19    Spells: 5 memorised, 25 levels left

rFire  . . .     SeeInvis +     a - +1 dagger
rCold  . . .     Clarity  .     b - +1 robe
rNeg   . . .     SustAt   .     (shield restricted)
rPois  .         Gourm    .     r - +3 hat of Pondering {ponderous, MR+ MP+10 Int+5}
rElec  .         Spirit   .     s - +0 cloak {MR+}
rCorr  .         Warding  .     (gloves unavailable)
rMut   .         NoTele   +     (boots unavailable)
MR     +++..                    (no amulet)
Stlth  ++++++++++               (no ring)
                                (no ring)

@: wreathed by umbra, very quick, extremely resistant to hostile enchantments,
uncannily stealthy
A: unfitting armour, see invisible, herbivore 3, speed 3, slow metabolism 2
a: Shadow Step, Shadow Form, Renounce Religion


You were in the Dungeon.
You worshipped Dithmenos.
Dithmenos was exalted by your worship.
You were not hungry.

You visited 1 branch You collected 2282 gold pieces.
You spent 508 gold pieces at shops.

Inventory:

Hand Weapons
 a - a +1 dagger (weapon)
 n - a +0 flail
Missiles
 u - 5 exploding tomahawks (quivered)
Armour
 b - a +1 robe (worn)
 r - the +3 hat of Pondering (worn) {ponderous, MR+ MP+10 Int+5}
   (You bought it in a shop in the Dungeon)

   It affects your intelligence (+5).
   It affects your resistance to hostile enchantments.
   It affects your magic capacity (+10).
 s - a +0 cloak of magic resistance (worn)
Wands
 c - a wand of flame (22)
 l - a wand of magic darts (20)
Scrolls
 j - a scroll of blinking
 k - 3 scrolls of identify {unknown}
 m - 2 scrolls of enchant weapon {unknown}
 o - a scroll of fear {unknown}
 p - a scroll of immolation {unknown}
 t - a scroll of remove curse {unknown}
Potions
 e - a potion of cure mutation {unknown}
 f - a potion of heal wounds
 g - a potion of haste
 h - 2 potions of magic
 i - a potion of berserk rage
 q - 2 potions of curing
Comestibles
 d - a bread ration


   Skills:
 * Level 12.8 Short Blades
 + Level 6.3 Armour
 * Level 16.2 Dodging
 * Level 17.4 Stealth
 * Level 13.8 Spellcasting
 + Level 5.9 Conjurations
 + Level 10.6 Hexes
 + Level 6.5 Ice Magic
 + Level 7.0 Invocations


You had 25 spell levels left.
You knew the following spells:

 Your Spells              Type           Power        Failure   Level  Hunger
a - Corona                Hex            ######.      1%          1    None
b - Ensorcelled Hibernat  Hex/Ice        ######       1%          2    None
c - Confuse               Hex            ######..     1%          3    None
d - Tukima's Dance        Hex            ######..     1%          3    None
e - Dazzling Spray        Conj/Hex       ######..     1%          3    None


Dungeon Overview and Level Annotations

Branches:
Dungeon (1/1)

Altars:
Cheibriados
Dithmenos
Elyvilon
Fedhas
Gozag
Kikubaaqudgha
Makhleb
Nemelex Xobeh
Okawaru
Qazlal
Ru
Sif Muna
Trog
Vehumet
Xom
Yredelemnul
Zin
The Shining One
Jiyva

Shops:
D }%*:[([(((**%}*[!

Annotations:
D Norris


Innate Abilities, Weirdness & Mutations

You are tiny and cannot use many weapons and most armour.
You have supernaturally acute eyesight.
You are a herbivore.
You cover ground extremely quickly.
You need consume almost no food.


Message History

You now have 1504 gold pieces (gained 27).
You now have 1531 gold pieces (gained 27).
You now have 1558 gold pieces (gained 27).
You now have 1585 gold pieces (gained 27).
You now have 1612 gold pieces (gained 27).
You now have 1639 gold pieces (gained 27).
You now have 1666 gold pieces (gained 27).
You now have 1693 gold pieces (gained 27).
You now have 1720 gold pieces (gained 27).
You now have 1747 gold pieces (gained 27).
You are engulfed in freezing vapours.
You emit a cloud of dark smoke.
You now have 1774 gold pieces (gained 27).
You see here 5 exploding tomahawks.
u - 5 exploding tomahawks You are engulfed in freezing vapours.
You are engulfed in freezing vapours.
* * * LOW HITPOINT WARNING * * *
You emit a cloud of dark smoke.
You open the large door.
You are engulfed in freezing vapours.
You die...

..'..#...##+#§####%.§§§##..+^^#
__####)..'..#.#.###.§§#######+#
###§.#####..+.#'#.###+#
≈§§§)#..##'####^..#@#
§§§§.+..#..§§§#...###
§≈≈..#..#..§§^+.....#
#+#####+###.§.#^....#
....###.+§#§§.###''##
#+###)###.#§§###@§##
....+(∩##§#..####§§###
#########.##+#..#§§#$###
......§##§##.#§§§§§$$$$#
.....§§§+§####§§§§§$$$$#
+++######§#.(+§§.§§$####
........#§#####.§§###
.......#+§# ##### ......≈####


You could see Norris (wandering).

Vanquished Creatures
  A lorocyproca (D)
  A hydra (D)
  2 centaur warriors (D)
  Sonja (D)
  A deep troll (D)
  A lindwurm (D)
  2 unseen horrors (D)
  An oklob plant (D)
  A gargoyle (D)
  4 demonic crawlers (D)
  2 kobold demonologists (D)
  A slime creature (D)
  4 trapdoor spiders (D)
  Sigmund (D)
  A yak (D)
  13 hogs (D)
  An ogre (D)
  A wasp (D)
  7 necrophages (D)
  Ijyb (D)
  8 jellies (D)
  3 giant eyeballs (D)
  5 ballistomycetes (D)
  A giant spore (D)
64 creatures vanquished.

Vanquished Creatures (others)
  A giant spore (D)
1 creature vanquished.

Grand Total: 65 creatures vanquished

Notes
Turn   | Place    | Note
--------------------------------------------------------------
     0 | D        | Kidiri the Spriggan Enchanter began the quest for the Orb.
     0 | D        | Reached XP level 1. HP: 9/9 MP: 5/5
     6 | D        | Noticed Ijyb
    42 | D        | Killed Ijyb
    42 | D        | Reached skill level 1 in Armour
    42 | D        | Reached skill level 6 in Stealth
    42 | D        | Reached XP level 2. HP: 5/13 MP: 4/8
   226 | D        | Learned a level 2 spell: Ensorcelled Hibernation
   234 | D        | Noticed an ogre
   243 | D        | Killed an ogre
   243 | D        | Reached skill level 7 in Stealth
   243 | D        | Reached skill level 5 in Spellcasting
   243 | D        | Reached skill level 5 in Hexes
   243 | D        | Reached skill level 1 in Ice Magic
   243 | D        | Reached XP level 3. HP: 16/16 MP: 4/11
   243 | D        | Reached XP level 4. HP: 21/21 MP: 4/12
   269 | D        | Learned a level 3 spell: Confuse
   273 | D        | Learned a level 3 spell: Tukima's Dance
   277 | D        | Learned a level 3 spell: Dazzling Spray
   307 | D        | Noticed Sigmund
   310 | D        | Killed Sigmund
   310 | D        | Reached skill level 5 in Short Blades
   310 | D        | Reached skill level 8 in Dodging
   310 | D        | Reached skill level 9 in Stealth
   310 | D        | Reached skill level 1 in Conjurations
   310 | D        | Reached XP level 5. HP: 24/24 MP: 12/15
   310 | D        | Reached XP level 6. HP: 28/28 MP: 13/17
   349 | D        | Found a snail-covered altar of Cheibriados.
   349 | D        | Found a viscous altar of Jiyva.
   349 | D        | Found a shadowy altar of Dithmenos.
   349 | D        | Found a blossoming altar of Fedhas.
   349 | D        | Noticed a slime creature
   361 | D        | Killed a slime creature
   361 | D        | Reached skill level 10 in Stealth
   534 | D        | Became a worshipper of Dithmenos the Shadowed
   558 | D        | Found a deep blue altar of Sif Muna.
   559 | D        | Noticed a jelly
   560 | D        | Found a radiant altar of Vehumet.
   566 | D        | Killed a jelly
   601 | D        | Found Teisut's Food Emporium.
   601 | D        | Found a white marble altar of Elyvilon.
   601 | D        | Found a stormy altar of Qazlal.
   601 | D        | Found a burning altar of Makhleb.
   601 | D        | Found a sacrificial altar of Ru.
   601 | D        | Found a basalt altar of Yredelemnul.
   601 | D        | Found a glowing golden altar of the Shining One.
   601 | D        | Found a sparkling altar of Nemelex Xobeh.
   601 | D        | Found a shimmering altar of Xom.
   601 | D        | Found an opulent altar of Gozag.
   601 | D        | Found an ancient bone altar of Kikubaaqudgha.
   601 | D        | Found a glowing silver altar of Zin.
   601 | D        | Noticed a yak
   602 | D        | Found an iron altar of Okawaru.
   603 | D        | Killed a yak
   603 | D        | Reached skill level 11 in Stealth
   603 | D        | Reached skill level 1 in Invocations
   603 | D        | Reached XP level 7. HP: 32/32 MP: 19/19
   604 | D        | Found a bloodstained altar of Trog.
   616 | D        | Noticed Sonja
   623 | D        | Killed Sonja
   623 | D        | Reached skill level 12 in Stealth
   623 | D        | Reached XP level 8. HP: 36/36 MP: 15/22
   666 | D        | Found Nyesaukk's Gadget Boutique.
   687 | D        | Noticed a deep troll
   691 | D        | Killed a deep troll
   691 | D        | Reached skill level 10 in Spellcasting
   702 | D        | Found Sesed's Armour Emporium.
   728 | D        | Noticed a centaur warrior
   728 | D        | Noticed a centaur warrior
   730 | D        | Killed a centaur warrior
   730 | D        | Reached skill level 13 in Stealth
   730 | D        | Reached XP level 9. HP: 39/39 MP: 24/24
   731 | D        | Killed a centaur warrior
   731 | D        | Acquired Dithmenos's first power
   731 | D        | Reached skill level 10 in Short Blades
   731 | D        | Reached skill level 14 in Stealth
   841 | D        | Noticed a wasp
   844 | D        | Killed a wasp
   872 | D        | Noticed an oklob plant
   874 | D        | Killed an oklob plant
   874 | D        | Reached skill level 5 in Ice Magic
   882 | D        | Noticed a trapdoor spider
   883 | D        | Killed a trapdoor spider
   890 | D        | Noticed a trapdoor spider
   899 | D        | Noticed a trapdoor spider
   900 | D        | Killed a trapdoor spider
   905 | D        | Killed a trapdoor spider
   905 | D        | Reached skill level 5 in Armour
   905 | D        | Reached XP level 10. HP: 44/44 MP: 12/26
   909 | D        | Noticed a trapdoor spider
   911 | D        | Killed a trapdoor spider
   911 | D        | Acquired Dithmenos's second power
   991 | D        | Noticed an unseen horror
   992 | D        | Noticed an unseen horror
  1011 | D        | Killed an unseen horror
  1011 | D        | Reached skill level 15 in Stealth
  1011 | D        | Reached skill level 5 in Invocations
  1025 | D        | Killed an unseen horror
  1140 | D        | Noticed a jelly
  1140 | D        | Noticed a jelly
  1140 | D        | Noticed a jelly
  1140 | D        | Noticed a jelly
  1140 | D        | Noticed a jelly
  1140 | D        | Noticed a jelly
  1140 | D        | Noticed a jelly
  1142 | D        | Killed a jelly
  1143 | D        | Killed a jelly
  1145 | D        | Killed a jelly
  1145 | D        | Acquired Dithmenos's third power
  1146 | D        | Killed a jelly
  1167 | D        | Noticed a necrophage
  1167 | D        | Noticed a necrophage
  1167 | D        | Noticed a necrophage
  1167 | D        | Noticed a necrophage
  1167 | D        | Noticed a necrophage
  1168 | D        | Killed a jelly
  1169 | D        | Killed a jelly
  1170 | D        | Killed a jelly
  1212 | D        | Killed a necrophage
  1226 | D        | Killed a necrophage
  1226 | D        | Acquired Dithmenos's fourth power
  1228 | D        | Killed a necrophage
  1232 | D        | Noticed a necrophage
  1365 | D        | Noticed a necrophage
  1367 | D        | Killed a necrophage
  1368 | D        | Killed a necrophage
  1374 | D        | Killed a necrophage
  1374 | D        | Reached skill level 5 in Conjurations
  1375 | D        | Killed a necrophage
  1488 | D        | Found Hamatu Pare's Book Shoppe.
  1488 | D        | Found Sicedaos's General Store.
  1488 | D        | Found Hiol's Antique Armour Boutique.
  1490 | D        | Found Barghiav's Antique Weapon Emporium.
  1490 | D        | Found Ipuadi Yvat's Armour Shop.
  1490 | D        | Found Ykkeshue's Weapon Shoppe.
  1490 | D        | Found Roddi's Antique Weapon Boutique.
  1490 | D        | Found Ovues's Antique Weapon Emporium.
  1490 | D        | Found Zunacih's General Store.
  1490 | D        | Found Vasaoxop's Assorted Antiques.
  1494 | D        | Bought the +3 hat of Pondering {ponderous, MR+ MP+10 Int+5} for 359 gold pieces
  1499 | D        | Found Xyrruwil's Food Boutique.
  1500 | D        | Found Toceceps's Assorted Antiques.
  1500 | D        | Found Seobarumm's Gadget Boutique.
  1501 | D        | Bought a +0 cloak of magic resistance for 149 gold pieces
  1506 | D        | Found Boklaetz's Distillery.
  1696 | D        | Noticed a kobold demonologist
  1697 | D        | Noticed a kobold demonologist
  1699 | D        | Killed a kobold demonologist
  1701 | D        | Killed a kobold demonologist
  1718 | D        | Noticed a demonic crawler
  1718 | D        | Noticed a demonic crawler
  1718 | D        | Noticed a demonic crawler
  1718 | D        | Noticed a demonic crawler
  1720 | D        | Killed a demonic crawler
  1721 | D        | Killed a demonic crawler
  1721 | D        | Reached skill level 16 in Stealth
  1723 | D        | Killed a demonic crawler
  1724 | D        | Killed a demonic crawler
  1724 | D        | Reached skill level 15 in Dodging
  1750 | D        | Noticed a lindwurm
  1752 | D        | Killed a lindwurm
  1752 | D        | Reached skill level 10 in Hexes
  1752 | D        | Reached XP level 11. HP: 47/47 MP: 29/29
  1761 | D        | Noticed a hog
  1761 | D        | Noticed a hog
  1761 | D        | Noticed a hog
  1761 | D        | Noticed a hog
  1761 | D        | Noticed a hog
  1761 | D        | Noticed a hog
  1761 | D        | Noticed a hog
  1761 | D        | Noticed a hog
  1761 | D        | Noticed a hog
  1761 | D        | Noticed a hog
  1761 | D        | Noticed a hog
  1761 | D        | Noticed a hog
  1761 | D        | Noticed a hog
  1763 | D        | Killed a hog
  1764 | D        | Killed a hog
  1769 | D        | Killed a hog
  1772 | D        | Killed a hog
  1774 | D        | Killed a hog
  1781 | D        | Killed a hog
  1784 | D        | Killed a hog
  1785 | D        | Killed a hog
  1786 | D        | Killed a hog
  1787 | D        | Killed a hog
  1789 | D        | Killed a hog
  1790 | D        | Killed a hog
  1792 | D        | Killed a hog
  1910 | D        | Noticed a 12-headed hydra
  1912 | D        | Killed a 12-headed hydra
  1912 | D        | Reached skill level 17 in Stealth
  1968 | D        | Noticed a gargoyle
  1992 | D        | Killed a gargoyle
  2236 | D        | Noticed Norris
  2236 | D        | Noticed a lorocyproca
  2264 | D        | Killed a lorocyproca
  2807 | D        | Engulfed by a cloud of freezing vapour

Vault maps used:
D:        dungeon_sprint_1

Action                   |  1- 3 |  4- 6 |  7- 9 | 10-12 || total
-------------------------+-------+-------+-------+-------++-------
Melee: Dagger            |    23 |     6 |    12 |    58 ||    99
 Fire: Shortbow          |       |       |       |    21 ||    21
 Cast: Corona            |     4 |       |       |       ||     4
       Ensorcelled Hiber |     2 |     4 |     6 |    10 ||    22
       Dazzling Spray    |       |     1 |     3 |    26 ||    30
Invok: Shadow Step       |       |       |       |     4 ||     4
  Use: Potion            |     1 |       |       |     2 ||     3
 Stab: Sleeping          |     3 |     4 |     8 |    36 ||    51
       Invisible         |       |       |     1 |     1 ||     2
